 Dungeon Crawl Stone Soup version 0.27.1-3-gb3d3a73c9e (webtiles) character file.

Game seed: 9093439004245286824

200 earthworldpsion the Ruffian (level 5, -1/53 HPs)
             Began as a Troll Fighter on Oct 17, 2021.
             Succumbed to a hobgoblin's curare-tipped dart
             ... on level 2 of the Dungeon.
             The game lasted 00:07:54 (704 turns).

earthworldpsion the Ruffian (Troll Fighter)          Turns: 704, Time: 00:07:55

Health: -1/53      AC:  4    Str: 25    XL:     5   Next: 49%
Magic:  4/4        EV:  8    Int:  4    God:
Gold:   16         SH:  9    Dex:  9    Spells: 4/4 levels left

rFire    . . .     SeeInvis .     - Unarmed
rCold    . . .     Faith    .   b - +0 kite shield
rNeg     . . .     Spirit   .   a - +0 robe
rPois    .         Reflect  .   (helmet restricted)
rElec    .         Harm     .   (no cloak)
rCorr    .         Rampage  .   (gloves unavailable)
Will     .....                  (boots unavailable)
Stlth    +.........             (no amulet)
HPRegen  1.17/turn              (no ring)
MPRegen  0.09/turn              (no ring)

@: lethally poisoned (-1 -> -21), slowed, very slow
A: large, unfitting armour, claws 3, regeneration 1, shaggy fur 1, tough skin 1
a: no special abilities


You were on level 2 of the Dungeon.
You visited 1 branch of the dungeon, and saw 2 of its levels.

You collected 16 gold pieces.

Inventory:

Hand Weapons
 f - a +1 short sword of venom
Armour
 a - a +0 robe (worn)
 b - a +0 kite shield (worn)
 g - a +0 kite shield
Scrolls
 d - a scroll of teleportation {unknown}
Potions
 c - a potion of might
 e - a potion of berserk rage {unknown}
 h - a potion of attraction {unknown}


   Skills:
 + Level 3.1 Fighting
 + Level 3.4 Dodging
 + Level 3.3 Shields
 + Level 3.4 Unarmed Combat


You had 4 spell levels left.
You didn't know any spells.
Your spell library contained the following spells:

 Spells                   Type           Power      Damage    Failure   Level
 Apportation              Tloc           0%         N/A       89%         1
 Alistair's Intoxication  Tmut/Pois      0%         N/A       100%        5
 Invisibility             Hex            0%         N/A       100%        6


Dungeon Overview and Level Annotations

Branches:
Dungeon (2/15)

Altars:


Innate Abilities, Weirdness & Mutations

You are too large for most types of armour.
You have claws for hands.
Your natural rate of healing is unusually fast.
You are covered in fur. (AC +1)
You have tough skin. (AC +1)


Message History

The endoplasm quivers.
The hobgoblin shouts!
You claw the hobgoblin!
You kill the hobgoblin!
Found a runed robe.
You see here a hobgoblin corpse.
The endoplasm hits you but does no damage.
A hobgoblin comes into view. It is quivering curare-tipped darts.
You scratch the endoplasm.
The endoplasm is almost dead.
The endoplasm freezes you.
You are frozen.
You scratch the endoplasm.
You kill the endoplasm!
The hobgoblin throws a curare-tipped dart.
The curare-tipped dart hits you.
You are poisoned.
You have difficulty breathing.
You feel yourself slow down.
You feel sick.
The hobgoblin throws a curare-tipped dart.
The curare-tipped dart hits you.
You are more poisoned.
You have difficulty breathing.
You feel as though you will be slow longer.
The hobgoblin throws a curare-tipped dart.
The curare-tipped dart hits you.
You are more poisoned.
You have difficulty breathing.
You feel as though you will be slow longer.
You feel extremely sick.
* * * LOW HITPOINT WARNING * * *
You feel extremely sick.
The hobgoblin throws a curare-tipped dart.
The curare-tipped dart hits you.
You are lethally poisoned!
You have difficulty breathing.
* * * LOW HITPOINT WARNING * * *
You feel as though you will be slow longer.
A rat comes into view.
You die...

#....................
#.#####.#)####.#.##.#
# #.#...........# ###
#. #.#..###.#..#..
...g#.#####.#..#
#.#..#..
#.......†.#..#
#.#.....
#.#.....###..#
#.#....# #.....# #..#
#.###..# #...@.# #..#
#.# ##.# #$....# #...
... #.. #....... ##.
##..[.#.# #. .....#.#
## ..##### . # ... ##
# r... # ##########


You could see a hobgoblin and a rat (asleep).

Vanquished Creatures
  Sigmund (D:2)
  Natasha (D:2)
  2 dart slugs
  3 endoplasms
  A giant cockroach (D:1)
  4 hobgoblins
  2 kobolds (D:1)
  A quokka (D:1)
  A ball python (D:1)
  A frilled lizard (D:2)
  A rat (D:2)
18 creatures vanquished.

Notes
Turn   | Place    | Note
-------+----------+-------------------------------------------
     0 | D:1      | earthworldpsion the Troll Fighter began the quest for the
                  | Orb.
     0 | D:1      | Reached XP level 1. HP: 22/22 MP: 0/0
   162 | D:1      | Reached XP level 2. HP: 29/29 MP: 1/1
   513 | D:2      | Noticed Natasha
   528 | D:2      | Killed Natasha
   529 | D:2      | Reached XP level 3. HP: 27/36 MP: 2/2
   659 | D:2      | Noticed Sigmund
   681 | D:2      | Killed Sigmund
   682 | D:2      | Reached XP level 4. HP: 45/45 MP: 3/3
   682 | D:2      | Reached XP level 5. HP: 53/53 MP: 4/4
   704 | D:2      | Succumbed to a hobgoblin's curare-tipped dart

Illustrated notes

Levels and vault maps discovered:
D:1:      dpeg_arrival_simpleton_b, layout_loops_ring
D:2:      layout_basic, hellmonk_ecumenical_altar_prayer_group, minmay_3d_cube,
          uniq_sigmund, uniq_natasha

Skill      XL: |  1  2  3 |
---------------+----------+-----
Fighting       | 3 |  3.1
Dodging        | 3 |  3.4
Shields        | 3 |  3.3
Unarmed Combat | 3 |  3.4

Action                   |  1- 3 |  4- 6 || total
-------------------------+-------+-------++-------
Melee: Unarmed           |    68 |     3 ||    71
Armor: Robe              |     5 |     1 ||     6
Dodge: Dodged            |    22 |       ||    22
Block: Kite shield       |    30 |       ||    30
